 Dungeon Crawl Stone Soup version 0.30-a0-1163-gf69bf04e7a (webtiles) character file.

Game seed: 7298738334384302618

156 themarg the Caller (level 5, -2/35 HPs)
             Began as a Merfolk Summoner on Apr 29, 2023.
             Succumbed to a gnoll's poison
             ... on level 3 of the Dungeon.
             The game lasted 00:07:00 (2825 turns).

themarg the Caller (Merfolk Summoner)               Turns: 2825, Time: 00:07:01

Health: -2/35      AC:  2    Str:  9    XL:     5   Next: 37%
Magic:  2/8        EV: 12    Int: 22    God:
Gold:   122        SH:  0    Dex: 14    Spells: 2/8 levels left

rFire   . . .        n - +2 short sword (elec)
rCold   . . .        (no shield)
rNeg    . . .        a - +0 robe
rPois   .            (no helmet)
rElec   .            (no cloak)
rCorr   .            (no gloves)
SInv    .            (no boots)
Will    .....        (no amulet)
Stlth   ++           g - +6 ring of intelligence
HPRegen 0.25/turn    (no ring)
MPRegen 0.11/turn

%: no passive effects
@: lethally poisoned (-2 -> -25)
A: (nimble swimmer 2), mertail
a: no special abilities


You were on level 3 of the Dungeon.
You visited 1 branch of the dungeon, and saw 3 of its levels.

You collected 122 gold pieces.

Inventory:

Hand Weapons
 n - a +2 short sword of electrocution (weapon)
 r - a +0 spear
Missiles
 c - 16 stones
 d - 8 poisoned darts
 q - 4 datura-tipped darts
Armour
 a - a +0 robe (worn)
Jewellery
 g - a +6 ring of intelligence (left hand)
Scrolls
 h - a scroll of fear {unknown}
 l - a scroll of noise {unknown}
 m - a scroll of identify {unknown}
 o - a scroll of poison {unknown}
 p - a scroll of silence {unknown}
Potions
 b - a potion of magic
 e - 2 potions of heal wounds {unknown}
 f - a potion of resistance {unknown}
 i - a potion of ambrosia {unknown}
 j - a potion of haste {unknown}
 k - a potion of curing {unknown}
 s - a potion of degeneration {unknown}
 t - a potion of brilliance {unknown}


   Skills:
 - Level 2.6 Dodging
 - Level 2.1 Stealth
 - Level 2.0 Spellcasting
 + Level 5.9 Summonings
 + Level 1.8 Air Magic


You had 2 spell levels left.
You knew the following spells:

 Your Spells              Type           Power      Damage    Failure   Level
a - Summon Small Mammal   Summ           100%       N/A       1%          1
b - Call Imp              Summ           56%        N/A       1%          2
c - Call Canine Familiar  Summ           28%        N/A       3%          3

Your spell library contained the following spells:

 Spells                   Type           Power      Damage    Failure   Level
 Cigotuvi's Dreadful Rot  Necr/Pois/Air  8%         N/A       16%         2
 Summon Guardian Golem    Hex/Summ       15%        N/A       12%         3
 Summon Lightning Spire   Summ/Air       19%        N/A       28%         4
 Dispel Undead            Necr           2%         3d7       80%         4
 Death Channel            Necr           1%         N/A       100%        6


Dungeon Overview and Level Annotations

Branches:
Dungeon (3/15)

Altars:
Cheibriados
Fedhas

Annotations:
D:3 1 runed translucent door, 3 exclusions, Crazy Yiuf, Grinder


Innate Abilities, Weirdness & Mutations

((You are very nimble when in or above water. (Stealth+, EV+, Speed+++)))
Your lower body shifts to a powerful aquatic tail in water.


Message History

You hit the gnoll.
The gnoll is almost dead.
Your hound bites the gnoll.
The gnoll barely misses your hound. x2
You catch the helpless gnoll completely off-guard!
You hit the gnoll.
You kill the gnoll!
Grinder shouts!
Your hound barely misses the gnoll.
The gnoll hits your hound with a +2 spear of venom.
Your hound dies!
Your hound's corpse disappears in a puff of smoke!
The gnoll barely misses you. The gnoll closely misses you.
Grinder zaps a wand.
The puff of flame hits you.
There is a stone staircase leading down here.
You see here a +0 flail.
The giant cockroach misses you. The gnoll closely misses you. x2
A river rat comes into view.
A tiny devil pulls itself out of the air.
The giant cockroach barely misses you.
The gnoll hits you from afar with a +0 halberd.
Grinder blinks!
The gnoll hits you from afar with a +2 spear of venom.
* * * LOW HITPOINT WARNING * * *
You are lethally poisoned!
The giant cockroach bites you but does no damage.
You swap places.
* * * LOW HITPOINT WARNING * * *
You feel very sick.
Your hound barely misses the giant cockroach.
The giant cockroach bites you.
* * * LOW HITPOINT WARNING * * *
Your hound barely misses the giant cockroach.
The gnoll closely misses you.
Your cerulean imp closely misses the giant cockroach.
The gnoll hits you from afar with a +2 spear of venom.
* * * LOW HITPOINT WARNING * * *
You are more poisoned.
The giant cockroach attacks as you move away!
The giant cockroach closely misses you.
You die...

##...#####..<..#
#.......#......#
###...###.#.....<#
#..†### #......# ##.#.#
#......#
#..#.#####........#
##.##.......#......#
######..#......<.#.#....#
#..[....@........._.....#
#..........g.....#.#....#
#........5Bg......
#........h........
#................)
#.....5..#........
#........#.......
#..........>..r..
#................


You could see Grinder, 2 gnolls, a river rat, a giant cockroach (ally target), a
friendly hound (summoned) and a friendly cerulean imp (summoned).

Vanquished Creatures
  Natasha (D:3)
  An adder (D:3)
  3 gnolls (D:3)
  A ball python (D:1)
  2 endoplasms
  2 goblins
  2 hobgoblins
  A quokka (D:1)
13 creatures vanquished.

Vanquished Creatures (collateral kills)
  Terence (D:2)
  2 adders (D:2)
  A gnoll (D:3)
  A worm (D:2)
  A dart slug (D:3)
  An orc (D:3)
  An endoplasm (D:1)
  2 giant cockroaches
  2 hobgoblins
  A quokka (D:2)
  4 ball pythons
  3 bats
  4 frilled lizards
  A goblin (D:3)
  A kobold (D:3)
  3 rats
29 creatures vanquished.

Grand Total: 42 creatures vanquished

Notes
Turn   | Place    | Note
-------+----------+-------------------------------------------
     0 | D:1      | themarg the Merfolk Summoner began the quest for the Orb.
     0 | D:1      | Reached XP level 1. HP: 13/13 MP: 3/3
   699 | D:1      | Reached XP level 2. HP: 19/19 MP: 1/5
   702 | D:1      | Learned a level 2 spell: Call Imp
  1290 | D:2      | Noticed Terence
  1459 | D:2      | Reached XP level 3. HP: 13/24 MP: 1/6
  1463 | D:2      | Learned a level 3 spell: Call Canine Familiar
  1610 | D:2      | Found a blossoming altar of Fedhas.
  1624 | D:2      | Killed Terence
  1625 | D:2      | Reached skill level 5 in Summonings
  2015 | D:2      | Reached XP level 4. HP: 30/30 MP: 1/7
  2578 | D:3      | Found a snail-covered altar of Cheibriados.
  2592 | D:3      | Reached skill level 1 in Air Magic
  2682 | D:3      | Found a runed translucent door.
  2683 | D:3      | Noticed Crazy Yiuf
  2765 | D:3      | Reached XP level 5. HP: 35/35 MP: 8/8
  2767 | D:3      | Noticed Natasha
  2777 | D:3      | Killed Natasha
  2816 | D:3      | Noticed Grinder
  2825 | D:3      | Succumbed to a gnoll's poison

Illustrated notes

Levels and vault maps discovered:
D:1:      amcnicky_arrival_wind_blow, layout_basic, kennysheep_another_room
D:2:      layout_basic, basic_altar, uniq_terence
D:3:      layout_rooms, lemuel_crystal_altar, portal_sewer_entry_a,
          nicolae_figureground_pulse, uniq_crazy_yiuf_cottage, uniq_natasha,
          uniq_ijyb, uniq_grinder

Skill      XL: |  1  2  3  4 |
---------------+-------------+-----
Summonings     | 5 |  5.9
Air Magic      | 1 |  1.8
Dodging        | |  2.6
Stealth        | |  2.1
Spellcasting   | |  2.0

Action                     |  1- 3 |  4- 6 || total
---------------------------+-------+-------++-------
  Melee: Unarmed           |     7 |       ||     7
         Falchion          |    20 |       ||    20
         Short sword       |     1 |    17 ||    18
   Cast: Summon Small Mamm |    29 |     2 ||    31
         Call Imp          |     6 |     3 ||     9
         Call Canine Famil |     2 |     4 ||     6
   Stab: Distracted        |       |     1 ||     1
 Armour: Robe              |     3 |     3 ||     6
  Dodge: Dodged            |    16 |    14 ||    30

Table legend: (Time is in decaauts)
 A = Elapsed time spent in this place.
 B = Non-inter-level travel time spent in this place.
 C = Inter-level travel time spent in this place.
 D = Time resting spent in this place.
 E = Time spent auto-exploring this place.
 F = Levels seen in this place.
 G = Mean time per level.
                   A        B        C        D        E       F      G
               +--------+--------+--------+--------+--------+-----+--------+
         Total |   2829 |   2782 |     47 |     68 |   2206 |   3 |  943.0 |
       Dungeon |   2829 |   2782 |     47 |     68 |   2206 |   3 |  943.0 |
               +--------+--------+--------+--------+--------+-----+--------+

Top non-repeatable levels by time:
     D:1: 1308 daAuts
     D:2: 1273 daAuts
     D:3: 246 daAuts
